 Dungeon Crawl Stone Soup version 0.17-a0-1863-g715b4b0 (webtiles) character file.

414 Goblin1989 the Slicer (level 7, 0/44 HPs)
             Began as a Kobold Assassin on Sept 20, 2015.
             Was an Initiate of Dithmenos.
             Slain by a gnoll
             ... wielding a +2 halberd of chopping
              (6 damage)
             ... on level 4 of the Dungeon.
             The game lasted 00:15:16 (3216 turns).

Goblin1989 the Slicer (Kobold Assassin)             Turns: 3216, Time: 00:15:16

Health: 0/44       AC:  3    Str: 10    XL:     7   Next: 14%
Magic:  7/7        EV: 14    Int:  9    God:    Dithmenos [......]
Gold:   159        SH:  0    Dex: 19    Spells: 0 memorised, 6 levels left

rFire  . . .     SeeInvis .     Y - +0 blowgun
rCold  . . .     Clarity  .     c - +0 robe
rNeg   . . .     SustAt   .     (shield restricted)
rPois  .         Gourm    .     (no helmet)
rElec  .         Spirit   .     d - +0 cloak
rCorr  .         Warding  .     (no gloves)
rMut   .         Stasis   .     (no boots)
MR     .....                    (no amulet)
Stlth  ++++......               (no ring)
                                (no ring)

@: not resistant to hostile enchantments, stealthy
A: blurry vision 1, carnivore 3, robust 1, screaming 1
a: Renounce Religion


You were on level 4 of the Dungeon.
You worshipped Dithmenos.
Dithmenos was noncommittal.
You were completely stuffed.

You visited 2 branches of the dungeon, and saw 5 of its levels.

You collected 159 gold pieces.

Inventory:

Hand weapons
 b - a +2 dagger of electrocution
 Y - a +0 blowgun (weapon)
Missiles
 e - 13 poisoned needles (quivered)
 f - 2 curare-tipped needles
 s - 4 tomahawks
Armour
 c - a +0 robe (worn)
 d - a +0 cloak (worn)
Jewellery
 i - a +4 ring of evasion {unknown}
 v - an uncursed ring of invisibility {unknown}
Magical devices
 B - a wand of confusion (33)
Scrolls
 a - a scroll of noise {unknown}
 l - 4 scrolls of identify {unknown}
 n - a scroll of magic mapping {unknown}
 p - 2 scrolls of teleportation {unknown}
 q - 3 scrolls of fog {unknown}
 r - a scroll of amnesia {unknown}
 w - a scroll of remove curse {unknown}
 x - 3 scrolls of fear {unknown}
 y - a scroll of recharging {unknown}
Potions
 j - a potion of agility {unknown}
 k - a potion of degeneration {unknown}
 m - a potion of cancellation {unknown}
 o - 3 potions of mutation
 t - 2 potions of brilliance {unknown}
 z - a potion of haste {unknown}
Comestibles
 g - 2 meat rations
 h - 2 royal jellies
 u - a beef jerky
 A - a slice of pizza


   Skills:
 - Level 2.1 Fighting
 + Level 9.4 Short Blades
 - Level 2.6 Throwing
 - Level 1.2 Dodging
 - Level 5.3 Stealth


You had 6 spell levels left.
You didn't know any spells.

Dungeon Overview and Level Annotations

Branches:
Dungeon (4/15)             Temple (1/1) D:4

Altars:
Ashenzari
Cheibriados
Dithmenos
Gozag
Makhleb
Nemelex Xobeh
Okawaru
Qazlal
Ru
Sif Muna
Trog
Vehumet
The Shining One

Annotations:
D:2 1 exclusion
D:4 Pereza0's ghost, average OgAK; Robin


Innate Abilities, Weirdness & Mutations

You are small and have problems with some larger weapons.
You are carnivorous and can eat meat at any time.
Scrolls take you a little longer to read.
You are robust (+10% HP).
You occasionally shout uncontrollably at your foes.


Message History

The bat closely misses you. The bat hits you.
* * * LOW HITPOINT WARNING * * *
The bat misses you. The bat closely misses you. The gnoll misses you.
The bat hits you but does no damage. The bat closely misses you.
The bat misses you. Dithmenos accepts your kill.
You feel a bit more experienced. The bat misses you.
The gnoll barely misses you. The bat hits you but does no damage.
The bat misses you.
The gnoll is no longer moving quickly.
The bat hits you but does no damage. The bat misses you.
The bat barely misses you. The bat hits you but does no damage.
The bat barely misses you. x2
Drink which item? (? for menu, Esc to quit)
It was a potion of mutation.
You feel extremely strange.
Your vision blurs.
You feel robust.
You feel the urge to shout. The bat barely misses you.
The gnoll hits you from afar with a halberd of chopping.
You die...

##.....# #............ #..###....
#......)...g. ##.## ###
#..........#. #..# ##########.#.
##.## #.#a ###.)# #######.#.
###...#### ........#.
(>.......#####################...
................@bga.............
.........########################
###...#### #####


You could see a worker ant, a gnoll and a bat.

Vanquished Creatures
  Edmund (D:4)
  2 centaur skeletons (D:4)
  A hound (D:4)
  Natasha (D:4)
  A gnoll shaman (D:4)
  2 worker ants (D:4)
  4 adders
  3 worms
  2 giant geckos
  4 orcs
  9 goblins
  7 hobgoblins
  11 kobolds
  10 bats
  10 giant newts
  4 jackals
  6 rats
78 creatures vanquished.

Notes
Turn   | Place    | Note
--------------------------------------------------------------
     0 | D:1      | Goblin1989 the Kobold Assassin began the quest for the Orb.
     0 | D:1      | Reached XP level 1. HP: 12/12 MP: 1/1
   171 | D:1      | Reached XP level 2. HP: 12/17 MP: 2/2
   639 | D:1      | Reached XP level 3. HP: 18/21 MP: 3/3
  1082 | D:2      | Reached skill level 5 in Short Blades
  1183 | D:2      | Reached XP level 4. HP: 12/26 MP: 4/4
  2217 | D:3      | Reached skill level 6 in Short Blades
  2524 | D:3      | Reached XP level 5. HP: 26/30 MP: 5/5
  2779 | D:4      | Found a staircase to the Ecumenical Temple.
  2787 | D:4      | Reached skill level 7 in Short Blades
  2803 | Temple   | Entered the Ecumenical Temple
  2947 | Temple   | Became a worshipper of Dithmenos the Shadowed
  3010 | D:4      | Noticed Natasha
  3016 | D:4      | Killed Natasha
  3022 | D:4      | Reached XP level 6. HP: 35/35 MP: 6/6
  3038 | D:4      | Noticed Edmund
  3041 | D:4      | Killed Edmund
  3041 | D:4      | Reached skill level 8 in Short Blades
  3044 | D:4      | Reached skill level 9 in Short Blades
  3070 | D:4      | Found a glowing golden altar of the Shining One.
  3116 | D:4      | Noticed Robin
  3118 | D:4      | Reached XP level 7. HP: 34/40 MP: 7/7
  3125 | D:4      | Noticed Pereza0's ghost (average OgAK)
  3216 | D:4      | Gained mutation: Scrolls take you a little longer to read. [potion of mutation]
  3216 | D:4      | Gained mutation: You are robust (+10% HP). [potion of mutation]
  3216 | D:4      | Gained mutation: You occasionally shout uncontrollably at your foes. [potion of mutation]
  3216 | D:4      | Slain by a gnoll

Vault maps used:
D:1:      wheals_arrival_linesprint, st_stairs_4, kennysheep_nondescript
D:2:      grunt_decor_mini_mirrors, minmay_lizard_king, uniq_crazy_yiuf_cottage
D:3:      first_bread
D:4:      nicolae_overflow_crystal_walls, temple_fountains,
          minmay_misc_feat_rows, uniq_natasha, uniq_edmund, uniq_robin
Temple:   water_room_temple_b_12

Action                   |  1- 3 |  4- 6 |  7- 9 || total
-------------------------+-------+-------+-------++-------
Melee: Dagger            |   113 |    77 |     7 ||   197
 Fire: Blowgun           |       |     8 |     4 ||    12
Throw: Tomahawk          |       |     5 |       ||     5
  Use: Potion            |       |       |     1 ||     1
 Stab: Sleeping          |     3 |    15 |       ||    18
       Distracted        |       |     2 |       ||     2
  Eat: Chunk             |     9 |     5 |     1 ||    15
